 Dungeon Crawl Stone Soup version 0.18.1-48-g4cf74bf (webtiles) character file.

10690 urioxis the Basher (level 11, -4/99 HPs)
             Began as a Minotaur Berserker on July 15, 2016.
             Was a High Priest of Trog.
             Slain by a six-headed hydra (7 damage)
             ... on level 1 of the Lair of Beasts.
             The game lasted 00:39:23 (8906 turns).

urioxis the Basher (Minotaur Berserker)             Turns: 8906, Time: 00:39:24

Health: -4/99      AC: 20    Str: 25    XL:     11   Next: 39%
Magic:  3/3        EV: 12    Int:  8    God:    Trog [*****.]
Gold:   532        SH:  4    Dex: 14    Spells: 0 memorised, 10 levels left

rFire  + . .     SeeInvis .     b - +1 great mace (antimagic)
rCold  . . .     Gourm    .     x - +0 plate armour
rNeg   . . .     Faith    .     (shield currently unavailable)
rPois  .         Spirit   .     e - +2 hat
rElec  .         Dismiss  .     q - +0 cloak
rCorr  +         Reflect  +     r - +0 pair of gloves
SustAt .         Harm     .     U - +0 pair of boots of the Beggar {rF+ MR+ Int+4 Dex+4} (curse)
MR     ++...                    Y - +4 amulet of reflection
Stlth  ..........               t - ring of resist corrosion
                                N - ring of protection from magic

@: exhausted, slowed, very slow, very resistant to hostile enchantments,
extremely unstealthy
A: retaliatory headbutt, horns 2
a: Berserk, Trog's Hand, Brothers in Arms, Burn Spellbooks, Renounce Religion


You were on level 1 of the Lair of Beasts.
You worshipped Trog.
Trog was extremely pleased with you.
You were not hungry.

You visited 3 branches of the dungeon, and saw 11 of its levels.

You collected 532 gold pieces.

Inventory:

Hand Weapons
 b - a +1 antimagic great mace (weapon)
Armour
 e - a +2 hat (worn)
 q - a +0 cloak (worn)
 r - a +0 pair of gloves (worn)
 x - a +0 plate armour (worn)
 U - the cursed +0 pair of boots of the Beggar (worn) {rF+ MR+ Int+4 Dex+4}
   (You found it on level 7 of the Dungeon)

   It affects your intelligence (+4).
   It affects your dexterity (+4).
   It protects you from fire.
   It affects your resistance to hostile enchantments.
   It has a curse placed upon it.
Jewellery
 t - a ring of resist corrosion (right hand)
 A - a +2 ring of intelligence
 K - an uncursed ring of flight
 L - an uncursed amulet of dismissal
 N - a ring of protection from magic (left hand)
 Y - a +4 amulet of reflection (around neck)
Wands
 a - a wand of iceblast (5/15)
 E - a wand of polymorph (10/24)
 F - a wand of digging (14/24)
 O - a wand of lightning (10/15)
 P - a wand of digging (14/24)
 S - a wand of polymorph (10/24)
 T - a wand of flame (25/48)
 W - a wand of polymorph (12/24)
Scrolls
 d - 2 scrolls of blinking {unknown}
 f - 2 scrolls of teleportation {unknown}
 j - 5 scrolls of random uselessness {unknown}
 m - a scroll of remove curse
 o - a scroll of acquirement {unknown}
 p - 2 scrolls of fear {unknown}
 u - 4 scrolls of enchant weapon {unknown}
 v - a scroll of amnesia {unknown}
 y - 2 scrolls of fog {unknown}
 C - 2 scrolls of enchant armour {unknown}
 I - 2 scrolls of identify
 J - 4 scrolls of immolation {unknown}
 Q - 3 scrolls of noise {unknown}
 X - 5 scrolls of recharging {unknown}
 Z - a scroll of torment {unknown}
Potions
 g - 3 potions of heal wounds
 h - a potion of cure mutation
 i - 3 potions of resistance
 k - a potion of magic
 l - 2 potions of flight
 s - 3 potions of ambrosia
 w - 5 potions of lignification
 z - 5 potions of might
 D - 2 potions of haste
 H - 4 potions of brilliance
Comestibles
 c - 7 bread rations
 n - 9 meat rations
 B - 8 chunks of flesh
 G - 12 fruits
 R - a beef jerky
 V - 6 slices of pizza


   Skills:
 + Level 10.1 Fighting
 * Level 13.8 Maces & Flails
 + Level 9.7 Armour
 + Level 9.4 Dodging


You had 10 spell levels left.
You didn't know any spells.

Dungeon Overview and Level Annotations

Branches:
Dungeon (9/15)             Temple (1/1) D:4            Lair (1/8) D:9
    Orc (0/2) D:9

Altars:
Ashenzari
Cheibriados
Dithmenos
Elyvilon
Fedhas
Gozag
Kikubaaqudgha
Makhleb
Nemelex Xobeh
Okawaru
Pakellas
Qazlal
Ru
Sif Muna
Trog
Vehumet
Xom
Yredelemnul
Zin
The Shining One


Innate Abilities, Weirdness & Mutations

You reflexively headbutt those who attack you in melee.
You have a pair of horns on your head.


Message History

The river rat bites you.
* * * LOW HITPOINT WARNING * * *
The river rat bites you.
* * * LOW HITPOINT WARNING * * *
The river rat misses you. The six-headed hydra barely misses you.
The six-headed hydra bites you.
* * * LOW HITPOINT WARNING * * *
The six-headed hydra bites you but does no damage. x2
The six-headed hydra completely misses you.
The six-headed hydra bites you.
* * * LOW HITPOINT WARNING * * *
The six-headed hydra bites you.
* * * LOW HITPOINT WARNING * * *
The six-headed hydra barely misses you.
The six-headed hydra completely misses you.
The six-headed hydra bites you.
* * * LOW HITPOINT WARNING * * *
The six-headed hydra bites you but does no damage.
The six-headed hydra bites you!
You die...

#.......÷.#..#####....†...#
##........................#
#........................#
#........................# #
#........................#
####........................#
............................#
.................Dr.........#
................@rr%........#
............###.####†.......#
............# ### #........#
............# .........#
............## ##.....[..#
.............# #.........
####........## #........
#........# #........
#........#


You could see a six-headed hydra and 3 river rats.

Vanquished Creatures
  A hydra (D:8)
  Erolcha (D:8)
  A centaur zombie (D:8)
  Psyche (D:8)
  Joseph (D:8)
  A komodo dragon (Lair:1)
  Prince Ribbit (D:7)
  Sigmund (D:2)
  8 yaks
  Grum (D:8)
  Menkaure (D:7)
  3 hippogriffs
  The ghost of Aquadorian the Insei, an amateur OpTm (D:3)
  3 water moccasins (Lair:1)
  2 porcupines (Lair:1)
  An ice beast (D:5)
  8 orc warriors
  A black bear (D:9)
  A phantom (D:7)
  2 eyes of draining
  A necrophage (D:8)
  4 sky beasts
  8 ogres
  3 wolves (D:8)
  A centaur (D:9)
  The ghost of Typee the Firebug, an amateur DsFE (D:4)
  5 crocodiles (Lair:1)
  3 big kobolds (D:8)
  8 giant frogs
  A scorpion (D:9)
  4 howler monkeys
  2 crimson imps
  A giant frog zombie (D:6)
  8 orc priests
  2 centaur skeletons
  4 hounds
  An iguana (D:6)
  8 orc wizards
  3 worker ants
  2 sheep (D:8)
  6 gnolls
  12 river rats
  11 adders
  2 shadow imps
  3 oozes
  3 worms
  3 dart slugs
  5 giant geckos
  66 orcs
  25 bats
  4 giant cockroaches
  10 goblins
  9 hobgoblins
  10 jackals
  8 kobolds
  7 quokkas
  2 ball pythons
  8 giant newts
  17 rats
321 creatures vanquished.

Vanquished Creatures (others)
  9 fungi (D:9)
  3 plants (D:9)
12 creatures vanquished.

Grand Total: 333 creatures vanquished

Notes
Turn   | Place    | Note
--------------------------------------------------------------
     0 | D:1      | urioxis the Minotaur Berserker began the quest for the Orb.
     0 | D:1      | Reached XP level 1. HP: 19/19 MP: 0/0
   243 | D:1      | Reached XP level 2. HP: 27/27 MP: 1/1
   334 | D:1      | Reached skill level 4 in Maces & Flails
   634 | D:1      | Reached ** piety under Trog
   922 | D:2      | Reached XP level 3. HP: 30/33 MP: 2/2
   926 | D:2      | Noticed Sigmund
   940 | D:2      | Killed Sigmund
   940 | D:2      | Reached skill level 6 in Maces & Flails
   940 | D:2      | Reached XP level 4. HP: 11/40 MP: 3/3
   940 | D:2      | Reached XP level 5. HP: 13/46 MP: 4/4
  1671 | D:3      | Noticed Aquadorian's ghost (amateur OpTm)
  1673 | D:3      | Reached XP level 6. HP: 52/52 MP: 5/5
  1677 | D:3      | Killed Aquadorian's ghost
  1815 | D:3      | Reached *** piety under Trog
  1913 | D:3      | Found an ancient bone altar of Kikubaaqudgha.
  2259 | D:4      | Reached skill level 7 in Maces & Flails
  2518 | D:4      | Noticed Typee's ghost (amateur DsFE)
  2524 | D:4      | Killed Typee's ghost
  2524 | D:4      | Reached XP level 7. HP: 40/60 MP: 6/6
  2745 | D:4      | Found a staircase to the Ecumenical Temple.
  2751 | Temple   | Entered the Ecumenical Temple
  3063 | D:4      | Received a gift from Trog
  3133 | D:5      | Entered Level 5 of the Dungeon
  3140 | D:5      | Found a shadowy altar of Dithmenos.
  3242 | D:5      | Reached skill level 5 in Fighting
  3550 | D:5      | Reached skill level 8 in Maces & Flails
  3593 | D:5      | Reached skill level 5 in Armour
  3593 | D:5      | Reached skill level 5 in Dodging
  3763 | D:5      | Reached XP level 8. HP: 64/69 MP: 7/7
  4065 | D:6      | Reached **** piety under Trog
  4146 | D:6      | Reached skill level 9 in Maces & Flails
  4984 | D:7      | Noticed Menkaure
  4991 | D:7      | Killed Menkaure
  5124 | D:7      | Reached skill level 10 in Maces & Flails
  5335 | D:7      | Reached XP level 9. HP: 74/78 MP: 8/8
  5388 | D:7      | Found a sparkling altar of Nemelex Xobeh.
  5401 | D:7      | Found a radiant altar of Vehumet.
  5405 | D:7      | Got a pair of pitted boots
  5411 | D:7      | Identified the cursed +0 pair of boots of the Beggar {rF+ MR+ Int+4 Dex+4} (You found it on level 7 of the Dungeon)
  5416 | D:7      | Found an iron altar of Okawaru.
  5444 | D:7      | Noticed Prince Ribbit
  5458 | D:7      | Killed Prince Ribbit
  5895 | D:7      | Found a bloodstained altar of Trog.
  5998 | D:8      | Reached skill level 11 in Maces & Flails
  6052 | D:8      | Reached ***** piety under Trog
  6079 | D:8      | Noticed a three-headed hydra
  6089 | D:8      | Killed a three-headed hydra
  6089 | D:8      | Reached XP level 10. HP: 48/88 MP: 9/9
  6354 | D:8      | Noticed Grum
  6370 | D:8      | Killed Grum
  6584 | D:8      | Noticed Erolcha
  6591 | D:8      | Killed Erolcha
  6591 | D:8      | Reached skill level 12 in Maces & Flails
  6655 | D:8      | Found a glowing silver altar of Zin.
  6688 | D:8      | Noticed Psyche
  6696 | D:8      | Killed Psyche
  6984 | D:8      | Noticed Joseph
  6992 | D:8      | Killed Joseph
  7396 | D:9      | Found a white marble altar of Elyvilon.
  7402 | D:9      | Reached skill level 13 in Maces & Flails
  7469 | D:9      | Found a staircase to the Orcish Mines.
  7503 | D:9      | Received a gift from Trog
  7508 | D:9      | Reached XP level 11. HP: 36/97 MP: 10/10
  8179 | D:9      | Found a staircase to the Lair.
  8570 | Lair:1   | Entered Level 1 of the Lair of Beasts
  8611 | Lair:1   | Received a gift from Trog
  8794 | Lair:1   | Reached skill level 10 in Fighting
  8890 | Lair:1   | Noticed a six-headed hydra
  8906 | Lair:1   | HP: 3/99 [six-headed hydra (2)]
  8906 | Lair:1   | Slain by a six-headed hydra

Skill      XL: |  1  2  3  4  5  6  7  8  9 10 11 |
---------------+----------------------------------+-----
Maces & Flails | 4 6 7 8 10 11 13 | 13.8
Armour         | 3 4 5 6 7 9 |  9.7
Dodging        | 3 4 5 6 7 8 9 |  9.4
Fighting       | 4 5 6 8 9 10 | 10.1

Action                   |  1- 3 |  4- 6 |  7- 9 | 10-12 || total
-------------------------+-------+-------+-------+-------++-------
Melee: Mace              |    41 |   122 |   164 |       ||   327
       Headbutt          |    10 |    23 |    53 |    77 ||   163
       Dire flail        |       |       |   128 |   203 ||   331
       Great mace        |       |       |       |   136 ||   136
 Fire: Hunting sling     |       |       |     3 |       ||     3
Invok: Berserk           |     1 |     2 |     6 |     4 ||    13
  Use: Scroll            |       |     6 |     1 |     8 ||    15
       Potion            |       |       |       |     1 ||     1
  Eat: Chunk             |       |     8 |    14 |    13 ||    35
       Fruit             |       |       |     1 |       ||     1
       Beef jerky        |       |       |     1 |       ||     1
       Pizza             |       |       |     1 |       ||     1
Armor: Animal skin       |     5 |       |       |       ||     5
       Ring mail         |     3 |    45 |     8 |       ||    56
       Chain mail        |       |       |   104 |     5 ||   109
       Plate armour      |       |       |       |   157 ||   157
Dodge: Dodged            |    31 |    82 |   133 |   157 ||   403
Block: Other             |       |       |       |    42 ||    42
       Reflection        |       |       |       |     1 ||     1
